NCAA
NORTH CAROLINA STATE WOLFPACK @ NORTHWESTERN WILDCATS
05/21/2028
 
TOP OF THE 1ST
North Carolina State Wolfpack batting - Pitching for Northwestern Wildcats : RHP Phillip Adams
Pitching: RHP Phillip Adams
Batting: SHB Mark Hendree 0-0: Called Strike
0-1: Called Strike
0-2: Ball
1-2: Foul Ball, location: 2F
1-2: Strikes out swinging
Batting: RHB Alex Miller 0-0: Called Strike
0-1: Called Strike
0-2: Ball
1-2: Strikes out swinging
Batting: LHB Aaron Atkins 0-0: Ball
1-0: Foul Ball, location: 2F
1-1: Foul Ball, location: 2F
1-2: Foul Ball, location: 2F
1-2: Foul Ball, location: 2F
1-2: Ball
2-2: Ball
3-2: Fly out, F7 (Flyball, 7S)
Top of the 1st over - 0 run(s), 0 hit(s), 0 error(s), 0 left on base; North Carolina State 0 - Northwestern 0
BOTTOM OF THE 1ST
Northwestern Wildcats batting - Pitching for North Carolina State Wolfpack : RHP Ronnie Hampshire
Pitching: RHP Ronnie Hampshire
Batting: RHB Brandon Sharp 0-0: Fly out, F8 (Line Drive, 8LD)
Batting: RHB Paul French 0-0: Ball
1-0: Foul Ball, location: 2F
1-1: Ball
2-1: Foul Ball, location: 2F
2-2: Ball
3-2: Base on Balls
Batting: RHB Jim Martin 0-0: Ball
1-0: Ball
2-0: Foul Ball, location: 2F
2-1: Fly out, F8 (Flyball, 8RM)
Batting: RHB Artie Rivers 0-0: Called Strike
0-1: Called Strike
0-2: Fly out, F7 (Line Drive, 7)
Bottom of the 1st over - 0 run(s), 0 hit(s), 0 error(s), 1 left on base; North Carolina State 0 - Northwestern 0
TOP OF THE 2ND
North Carolina State Wolfpack batting - Pitching for Northwestern Wildcats : RHP Phillip Adams
Batting: RHB Jonathon García 0-0: SOLO HOME RUN (Line Drive, 7D), Distance : 369 ft
Batting: LHB Shawn Joyce 0-0: Ball
1-0: Ground out 4-3 (Groundball, 34D)
Batting: RHB Larry Glover 0-0: Ball
1-0: Fly out, F7 (Flyball, 7S)
Batting: RHB Brian Francis 0-0: Hit by Pitch
Batting: SHB Dave Williams 0-0: Foul Ball, location: 2F
0-1: Ball
1-1: Ball
2-1: Foul Ball, location: 2F
2-2: Strikes out swinging
Top of the 2nd over - 1 run(s), 1 hit(s), 0 error(s), 1 left on base; North Carolina State 1 - Northwestern 0
BOTTOM OF THE 2ND
Northwestern Wildcats batting - Pitching for North Carolina State Wolfpack : RHP Ronnie Hampshire
Batting: SHB Jeff Fuller 0-0: Foul Ball, location: 2F
0-1: Ball
1-1: Ground out 4-3 (Groundball, 4)
Batting: RHB Alejandro Amador 0-0: Ball
1-0: Ball
2-0: SOLO HOME RUN (Flyball, 7D), Distance : 348 ft
Batting: RHB Ben Bond 0-0: Fly out, F2 (Popup, 5S)
Batting: RHB Steve Collier 0-0: Ball
1-0: Ball
2-0: Called Strike
2-1: Ball
3-1: Foul Ball, location: 2F
3-2: Foul Ball, location: 2F
3-2: Strikes out swinging
Bottom of the 2nd over - 1 run(s), 1 hit(s), 0 error(s), 0 left on base; North Carolina State 1 - Northwestern 1
TOP OF THE 3RD
North Carolina State Wolfpack batting - Pitching for Northwestern Wildcats : RHP Phillip Adams
Batting: LHB John Fuller 0-0: Foul Ball, location: 2F
0-1: SINGLE (Groundball, 5D)
Batting: SHB Mark Hendree 0-0: Ball
1-0: Called Strike
1-1: Ball
2-1: Fielders Choice at 2nd, 4-6 (Groundball, 4)
Batting: RHB Alex Miller 0-0: Ball
Mark Hendree steals 2nd base
1-0: Ball
2-0: Fly out, F8 (Line Drive, 8RM)
Batting: LHB Aaron Atkins 0-0: Foul Ball, location: 2F
0-1: Swinging Strike
0-2: Ball
1-2: Foul Ball, location: 2F
1-2: Foul Ball, location: 2F
1-2: Foul Ball, location: 2F
1-2: Foul Ball, location: 2F
1-2: Hit by Pitch
Batting: RHB Jonathon García 0-0: Called Strike
0-1: SINGLE (Groundball, 56D)
Mark Hendree to third
Aaron Atkins to second
Runner from 3rd tries for Home, SAFE, no throw
Batting: LHB Shawn Joyce 0-0: Ball
1-0: Ball
2-0: Called Strike
2-1: Called Strike
2-2: Ball
3-2: Foul Ball, location: 2F
3-2: Strikes out swinging
Top of the 3rd over - 1 run(s), 2 hit(s), 0 error(s), 2 left on base; North Carolina State 2 - Northwestern 1
BOTTOM OF THE 3RD
Northwestern Wildcats batting - Pitching for North Carolina State Wolfpack : RHP Ronnie Hampshire
Batting: LHB Juan Díaz 0-0: Ball
1-0: Ball
2-0: SINGLE (Line Drive, 7S)
Batting: RHB Brandon Sharp 0-0: Ball
1-0: Ball
2-0: Swinging Strike
2-1: Fly out, F9 (Flyball, 9LS)
Batting: RHB Paul French 0-0: Ball
1-0: Ball
2-0: Ball
3-0: Base on Balls
Juan Díaz to second
Batting: RHB Jim Martin 0-0: Called Strike
0-1: Called Strike
0-2: Fielders Choice at 2nd, 3-6 (Groundball, 34)
Juan Díaz to third
Batting: RHB Artie Rivers 0-0: Foul Ball, location: 2F
0-1: Ball
1-1: Ball
2-1: Foul Ball, location: 2F
2-2: Ball
3-2: Foul Ball, location: 2F
3-2: Strikes out swinging
Bottom of the 3rd over - 0 run(s), 1 hit(s), 0 error(s), 2 left on base; North Carolina State 2 - Northwestern 1
TOP OF THE 4TH
North Carolina State Wolfpack batting - Pitching for Northwestern Wildcats : RHP Phillip Adams
Batting: RHB Larry Glover 0-0: Foul Ball, location: 2F
0-1: Swinging Strike
0-2: Ball
1-2: Strikes out looking
Batting: RHB Brian Francis 0-0: Called Strike
0-1: Ball
1-1: Ball
2-1: Ball
3-1: Base on Balls
Batting: SHB Dave Williams 0-0: SINGLE (Groundball, 56D)
Brian Francis to second
Batting: LHB John Fuller 0-0: Foul Ball, location: 2F
0-1: Ball
Wild Pitch!
Brian Francis to third
Dave Williams to second
1-1: SINGLE (Groundball, 4MD)
Brian Francis scores
Dave Williams to third
Runner from 3rd tries for Home, SAFE, no throw
Batting: SHB Mark Hendree 0-0: Called Strike
0-1: Ball
1-1: Foul Ball, location: 2F
1-2: Fly out, F8 (Flyball, 8RD)
Batting: RHB Alex Miller 0-0: Ball
1-0: Ball
2-0: Ball
3-0: Called Strike
3-1: Base on Balls
John Fuller to second
Batting: LHB Aaron Atkins 0-0: Ball
1-0: Ball
2-0: Swinging Strike
2-1: Called Strike
2-2: Ball
3-2: Strikes out looking
Top of the 4th over - 2 run(s), 2 hit(s), 0 error(s), 2 left on base; North Carolina State 4 - Northwestern 1
BOTTOM OF THE 4TH
Northwestern Wildcats batting - Pitching for North Carolina State Wolfpack : RHP Ronnie Hampshire
Batting: SHB Jeff Fuller 0-0: Ball
1-0: Called Strike
1-1: Ball
2-1: Swinging Strike
2-2: Strikes out swinging
Batting: RHB Alejandro Amador 0-0: Called Strike
0-1: Ball
1-1: Ball
2-1: Foul Ball, location: 2F
2-2: Ball
3-2: Base on Balls
Batting: RHB Ben Bond 0-0: Ball
1-0: Ball
2-0: Ball
3-0: Base on Balls
Alejandro Amador to second
Batting: RHB Steve Collier 0-0: Ball
1-0: Foul Ball, location: 2F
1-1: Swinging Strike
1-2: Ball
2-2: Ball
3-2: Base on Balls
Alejandro Amador to third
Ben Bond to second
Batting: LHB Juan Díaz 0-0: Foul Ball, location: 2F
0-1: Ball
1-1: Foul Ball, location: 2F
1-2: Ball
2-2: Ball
Passed Ball!
Alejandro Amador scores
Ben Bond to third
Steve Collier to second
3-2: Foul Ball, location: 2F
3-2: Base on Balls
Batting: RHB Brandon Sharp 0-0: Called Strike
0-1: Ball
1-1: Foul Ball, location: 2F
1-2: Foul Ball, location: 2F
1-2: Grounds into double play, 5-4-3 (Groundball, 56)
Bottom of the 4th over - 1 run(s), 0 hit(s), 0 error(s), 2 left on base; North Carolina State 4 - Northwestern 2
TOP OF THE 5TH
North Carolina State Wolfpack batting - Pitching for Northwestern Wildcats : RHP Phillip Adams
Pitching: LHP François Séguin
Batting: RHB Jonathon García 0-0: Ball
1-0: Swinging Strike
1-1: Ball
2-1: Foul Ball, location: 2F
2-2: Ball
3-2: Foul Ball, location: 2F
3-2: Base on Balls
Batting: LHB Shawn Joyce 0-0: Foul Ball, location: 2F
0-1: Ball
1-1: Foul Ball, location: 2F
1-2: Foul Ball, location: 2F
1-2: Ball
2-2: Strikes out swinging
Batting: RHB Larry Glover 0-0: Ball
1-0: Ball
2-0: Swinging Strike
2-1: Ball
3-1: Base on Balls
Jonathon García to second
Batting: RHB Brian Francis 0-0: Called Strike
0-1: Ball
1-1: Ball
2-1: SINGLE (Flyball, 89S)
Jonathon García to third
Larry Glover to second
Batting: SHB Dave Williams 0-0: Fly out, F7 (Line Drive, 7)
Runner from 3rd tags up, SCORES, throw made
Batting: LHB John Fuller 0-0: Ball
1-0: Swinging Strike
1-1: Ball
2-1: Called Strike
2-2: Foul Ball, location: 2F
2-2: Ball
3-2: SINGLE (Groundball, 6M) (infield hit)
Larry Glover to third
Brian Francis to second
Batting: SHB Mark Hendree 0-0: Foul Ball, location: 2F
0-1: SINGLE (Flyball, 78S)
Larry Glover scores
Brian Francis to third
John Fuller to second
Batting: RHB Alex Miller 0-0: Ball
1-0: Ball
2-0: Ground out 5-3 (Groundball, 56S)
Top of the 5th over - 2 run(s), 3 hit(s), 0 error(s), 3 left on base; North Carolina State 6 - Northwestern 2
BOTTOM OF THE 5TH
Northwestern Wildcats batting - Pitching for North Carolina State Wolfpack : RHP Ronnie Hampshire
Pitching: LHP John Harris
Batting: RHB Paul French 0-0: Ball
1-0: SINGLE (Flyball, 8RS)
Batting: RHB Jim Martin 0-0: Ball
1-0: Ball
2-0: Called Strike
2-1: Ground out 5-3 (Groundball, 2L)
Paul French to second
Batting: RHB Artie Rivers 0-0: Foul Ball, location: 2F
0-1: Ball
1-1: Ground out 6-3 (Groundball, 6)
Batting: SHB Jeff Fuller 0-0: Ground out 3-1 (Groundball, 34)
Bottom of the 5th over - 0 run(s), 1 hit(s), 0 error(s), 1 left on base; North Carolina State 6 - Northwestern 2
TOP OF THE 6TH
North Carolina State Wolfpack batting - Pitching for Northwestern Wildcats : LHP François Séguin
Pitching: LHP Paul Pearson
Batting: LHB Aaron Atkins 0-0: DOUBLE (Line Drive, 78M)
Batting: RHB Jonathon García 0-0: Intentional Walk
Batting: LHB Shawn Joyce 0-0: Ball
1-0: Called Strike
1-1: Called Strike
1-2: Ball
2-2: Foul Ball, location: 2F
2-2: Foul Ball, location: 2F
2-2: Ball
3-2: Foul Ball, location: 2F
3-2: Base on Balls
Aaron Atkins to third
Jonathon García to second
Batting: RHB Larry Glover 0-0: Hit by Pitch
Aaron Atkins scores
Jonathon García to third
Shawn Joyce to second
Batting: RHB Brian Francis 0-0: Ball
1-0: Ball
2-0: Grounds into double play, 4-6-3 (Groundball, 4)
Jonathon García scores
Shawn Joyce to third
Batting: SHB Dave Williams 0-0: Ball
1-0: Ball
2-0: Called Strike
2-1: Foul Ball, location: 2F
2-2: Ball
3-2: Foul Ball, location: 2F
3-2: Foul Ball, location: 2F
3-2: Base on Balls
Batting: LHB John Fuller 0-0: Called Strike
0-1: Ball
1-1: Swinging Strike
1-2: Strikes out looking
Top of the 6th over - 2 run(s), 1 hit(s), 0 error(s), 2 left on base; North Carolina State 8 - Northwestern 2
BOTTOM OF THE 6TH
Northwestern Wildcats batting - Pitching for North Carolina State Wolfpack : LHP John Harris
Batting: RHB Alejandro Amador 0-0: Ball
1-0: Foul Ball, location: 2F
1-1: Foul Ball, location: 2F
1-2: Foul Ball, location: 2F
1-2: Hit by Pitch
Batting: RHB Ben Bond 0-0: Foul Ball, location: 2F
0-1: Called Strike
0-2: Ball
1-2: Foul Ball, location: 2F
1-2: Ground out 5-3 (Groundball, 5S)
Alejandro Amador to second
Batting: RHB Steve Collier 0-0: Called Strike
0-1: Swinging Strike
0-2: Ball
1-2: Strikes out swinging
Batting: LHB Juan Díaz 0-0: Foul Ball, location: 2F
0-1: SINGLE (Flyball, 8LS)
Alejandro Amador to third
Batting: RHB Brandon Sharp 0-0: Swinging Strike
0-1: Ball
1-1: Ball
2-1: Ball
3-1: Swinging Strike
3-2: Base on Balls
Juan Díaz to second
Batting: RHB Paul French 0-0: Ball
1-0: Foul Ball, location: 2F
1-1: Fly out, F9 (Flyball, 89S)
Bottom of the 6th over - 0 run(s), 1 hit(s), 0 error(s), 3 left on base; North Carolina State 8 - Northwestern 2
TOP OF THE 7TH
North Carolina State Wolfpack batting - Pitching for Northwestern Wildcats : LHP Paul Pearson
Batting: SHB Mark Hendree 0-0: Ball
1-0: Foul Ball, location: 2F
1-1: Ball
2-1: Called Strike
2-2: Strikes out swinging
Batting: RHB Alex Miller 0-0: Ball
1-0: Called Strike
1-1: Fly out, F9 (Flyball, 9LM)
Batting: LHB Aaron Atkins 0-0: Called Strike
0-1: Ball
1-1: Ball
2-1: Ball
3-1: Base on Balls
Batting: RHB Jonathon García 0-0: Ball
1-0: Foul Ball, location: 2F
1-1: Fielders Choice at 2nd, 4-6 (Groundball, 4D)
Top of the 7th over - 0 run(s), 0 hit(s), 0 error(s), 0 left on base; North Carolina State 8 - Northwestern 2
BOTTOM OF THE 7TH
Northwestern Wildcats batting - Pitching for North Carolina State Wolfpack : LHP John Harris
Batting: RHB Jim Martin 0-0: Ground out 5-3 (Groundball, 5S)
Batting: RHB Artie Rivers 0-0: Called Strike
0-1: Foul Ball, location: 2F
0-2: Strikes out swinging
Batting: SHB Jeff Fuller 0-0: Called Strike
0-1: Foul Ball, location: 2F
0-2: Ball
1-2: Foul Ball, location: 2F
1-2: Fly out, F9 (Flyball, 9S)
Bottom of the 7th over - 0 run(s), 0 hit(s), 0 error(s), 0 left on base; North Carolina State 8 - Northwestern 2
TOP OF THE 8TH
North Carolina State Wolfpack batting - Pitching for Northwestern Wildcats : LHP Paul Pearson
Batting: LHB Shawn Joyce 0-0: Ball
1-0: Ball
2-0: Ball
3-0: Base on Balls
Batting: RHB Larry Glover 0-0: Foul Ball, location: 2F
0-1: Ball
1-1: Swinging Strike
1-2: Ball
2-2: Strikes out swinging
Batting: RHB Brian Francis 0-0: Called Strike
0-1: Swinging Strike
0-2: Ball
1-2: Foul Ball, location: 2F
1-2: Strikes out looking
Batting: SHB Dave Williams 0-0: Ball
1-0: Called Strike
1-1: Ball
2-1: Ball
3-1: SINGLE (Groundball, 56D)
Shawn Joyce to second
Batting: LHB John Fuller 0-0: SINGLE (Groundball, 34D)
Shawn Joyce to third
Dave Williams to second
Runner from 3rd tries for Home, SAFE, no throw
Pitching: RHP Edward Bontein
Batting: SHB Mark Hendree 0-0: Ball
1-0: Called Strike
1-1: Ball
2-1: SINGLE (Line Drive, 9S)
Dave Williams to third
John Fuller to second
Runner from 3rd tries for Home, SAFE, no throw
Batting: RHB Alex Miller 0-0: Ball
1-0: Called Strike
1-1: Foul Ball, location: 2F
1-2: Ball
2-2: Ball
3-2: Base on Balls
John Fuller to third
Mark Hendree to second
Batting: LHB Aaron Atkins 0-0: Ball
1-0: Ball
2-0: Called Strike
2-1: SINGLE (Groundball, 6MD)
John Fuller scores
Mark Hendree to third
Alex Miller to second
Runner from 3rd tries for Home, SAFE, no throw
Batting: RHB Jonathon García 0-0: Ball
1-0: Ball
2-0: Fly out, F7 (Flyball, 78S)
Top of the 8th over - 4 run(s), 4 hit(s), 0 error(s), 2 left on base; North Carolina State 12 - Northwestern 2
BOTTOM OF THE 8TH
Northwestern Wildcats batting - Pitching for North Carolina State Wolfpack : LHP John Harris
Batting: RHB Alejandro Amador 0-0: Ball
1-0: Ball
2-0: Foul Ball, location: 2F
2-1: Swinging Strike
2-2: Ball
3-2: Ground out 6-3 (Groundball, 6)
Batting: RHB Ben Bond 0-0: Called Strike
0-1: Ball
1-1: Foul Ball, location: 2F
1-2: Ball
2-2: Strikes out swinging
Batting: RHB Steve Collier 0-0: Called Strike
0-1: Fly out, F4 (Popup, 4M)
Bottom of the 8th over - 0 run(s), 0 hit(s), 0 error(s), 0 left on base; North Carolina State 12 - Northwestern 2
TOP OF THE 9TH
North Carolina State Wolfpack batting - Pitching for Northwestern Wildcats : RHP Edward Bontein
Pinch Hitting: SHB Joel Clay 0-0: Called Strike
0-1: Called Strike
0-2: Foul Ball, location: 2F
0-2: Foul Ball, location: 2F
0-2: Ball
1-2: Foul Ball, location: 2F
1-2: Foul Ball, location: 2F
1-2: Foul Ball, location: 2F
1-2: Foul Ball, location: 2F
1-2: Ball
2-2: Foul Ball, location: 2F
2-2: SOLO HOME RUN (Flyball, 9LD), Distance : 323 ft
Batting: RHB Larry Glover 0-0: SINGLE (Line Drive, 34)
Batting: RHB Brian Francis 0-0: Fly out, F5 (Popup, 5L)
Batting: SHB Dave Williams 0-0: Called Strike
0-1: Ball
1-1: Ball
2-1: Called Strike
2-2: Ball
3-2: Single, Error in OF, E7, batter to second base
Larry Glover to third
Batting: LHB John Fuller 0-0: Ball
1-0: Ball
2-0: Ball
3-0: Called Strike
3-1: Base on Balls
Batting: SHB Mark Hendree 0-0: Ball
1-0: Ball
2-0: Fly out, F8 (Flyball, 8LM)
Runner from 3rd tags up, SCORES, no throw
Pitching: RHP Nick Cox
Batting: RHB Alex Miller 0-0: Ball
1-0: Fly out, F8 (Flyball, 8LM)
Top of the 9th over - 2 run(s), 3 hit(s), 1 error(s), 2 left on base; North Carolina State 14 - Northwestern 2
BOTTOM OF THE 9TH
Northwestern Wildcats batting - Pitching for North Carolina State Wolfpack : LHP John Harris
Pitching: RHP Allen Roberts
Now in LF: Stan Miller
Batting: LHB Juan Díaz 0-0: Ball
1-0: Ball
2-0: Ball
3-0: Called Strike
3-1: Called Strike
3-2: Foul Ball, location: 2F
3-2: Base on Balls
Batting: RHB Brandon Sharp 0-0: Swinging Strike
0-1: Ball
1-1: Called Strike
1-2: Foul Ball, location: 2F
1-2: SINGLE (Line Drive, 5D)
Juan Díaz to second
Batting: RHB Paul French 0-0: Ball
1-0: Ball
2-0: Ball
3-0: Base on Balls
Juan Díaz to third
Brandon Sharp to second
Pinch Hitting: RHB Greg Fowler 0-0: Ball
1-0: Called Strike
1-1: Called Strike
1-2: Strikes out swinging
Batting: RHB Artie Rivers 0-0: Ball
1-0: Called Strike
1-1: Ball
2-1: Ball
3-1: Foul Ball, location: 2F
3-2: Strikes out swinging
Batting: SHB Jeff Fuller 0-0: Called Strike
0-1: Called Strike
0-2: Foul Ball, location: 2F
0-2: Strikes out looking
Bottom of the 9th over - 0 run(s), 1 hit(s), 0 error(s), 3 left on base; North Carolina State 14 - Northwestern 2
Tuesday, August 8th, 2017 - OOTP Baseball 17.12 Build 75